 Seeded DCSS version 0.30-a0-626-gd6a5dd7a1f (webtiles) character file.

Game seed: 3901094715573708078 (custom seed)

1736372 hikkokomori the Slayer (level 27, 233/233 (235) HPs)
             Began as a Formicid Fighter on Jan 12, 2023.
             Was an Elder of Okawaru.
             Escaped with the Orb
             ... and 3 runes!
             The game lasted 02:20:44 (63791 turns).

hikkokomori the Slayer (Formicid Fighter)          Turns: 63791, Time: 02:20:45

HP:   233/233 (235) AC: 51    Str: 48    XL:     27
MP:   43/47         EV: 21    Int:  7    God:    Okawaru [****..]
Gold: 4230          SH: 25    Dex: 15    Spells: 50/58 levels left

rFire   + + +      SeeInvis +    t - +9 war axe of Oxoafreung {heavy, rF+ MP+9 Str+8 Int-4}
rCold   + + +      Faith    .    W - +2 shield of Resistance {rF++ rC++ Will++}
rNeg    . . .      Spirit   .    R - +10 storm dragon scales
rPois   .          Reflect  +    (helmet unavailable)
rElec   +          Harm     .    y - +4 dragonskin cloak
rCorr   .          Rampage  .    E - +3 pair of gauntlets of War {Slay+5}
Will    +++..                    n - +2 pair of boots "Tipn" {Will- Regen+ Str+6}
Stlth   ++                       u - amulet of Amorality {Reflect rC+ SH+5}
HPRegen 1.38/turn                B - +6 ring of strength
MPRegen 0.30/turn                s - +4 ring of protection

@: mighty, heroic, finesse-ful, wereblooded, studying 3 skills, lightly drained
A: permanent stasis, dig shafts and tunnels, antennae 3, four strong arms,
clumsy 1, cold resistance 1, deterioration 2, low MP 1
0: Orb of Zot
}: 3/15 runes: barnacled, silver, gossamer
a: Dig, Shaft Self, Renounce Religion, Heroism, Finesse


You escaped.
You worshipped Okawaru.
Okawaru was greatly pleased with you.
You visited 11 branches of the dungeon, and saw 48 of its levels.
You also visited: Trove, Sewer, Gauntlet and Ice Cave.

You collected 5844 gold pieces.
You spent 1614 gold pieces at shops.

Inventory:

Hand Weapons
 t - the +9 war axe of Oxoafreung (weapon) {heavy, rF+ MP+9 Str+8 Int-4}
   (You acquired it on level 3 of the Dungeon)

   Str:       It affects your strength (+8).
   Int:       It affects your intelligence (-4).
   rF:        It protects you from fire.
   MP:        It affects your magic capacity (+9).
Missiles
 H - 22 silver javelins (quivered)
 K - a throwing net
Armour
 n - the +2 pair of boots "Tipn" (worn) {Will- Regen+ Str+6}
   (Okawaru gifted it to you on level 2 of the Elven Halls)

   Str:       It affects your strength (+6).
   Regen:     It increases your rate of health regeneration.
   Will:      It decreases your willpower.
 y - the +4 dragonskin cloak (worn)
   (You took it off Tiamat on level 2 of the Realm of Zot)

   It grants the wearer a chance to resist fire, cold, poison, electricity,
   acid, and negative energy.
 D - a +1 cloak of willpower
 E - the +3 pair of gauntlets of War (worn) {Slay+5}
   (You found it on level 4 of the Spider Nest)

   Slay:      It affects your accuracy & damage with ranged weapons and melee
   (+5).
 N - a +1 cloak of preservation
 R - +10 storm dragon scales (worn)
 W - the +2 shield of Resistance (worn) {rF++ rC++ Will++}
   (You found it on level 14 of the Dungeon)

   rF:        It greatly protects you from fire.
   rC:        It greatly protects you from cold.
   Will:      It greatly increases your willpower.
 Y - the +4 pair of boots of Okawaru's Anger {Slay+5}
   (Okawaru gifted it to you on level 4 of the Lair of Beasts)

   Slay:      It affects your accuracy & damage with ranged weapons and melee
   (+5).
Jewellery
 b - a ring of poison resistance
 d - an amulet of guardian spirit
 i - the ring of the Marlin {Fly rN+}
   (You found it in an ice cave)

   [ring of positive energy]

   rN:        It protects you from negative energy.
   Fly:       It grants you flight.
 k - a +5 ring of evasion
 m - the ring of Ysorch {Ice Contam rN+++ MP+9 Slay-3}
   (You took it off Josephina on level 3 of the Depths)

   [ring of ice]

   It enhances your ice magic.
   Slay:      It affects your accuracy & damage with ranged weapons and melee
   (-3).
   rF:        It makes you vulnerable to fire.
   rC:        It protects you from cold.
   rN:        It renders you almost immune to negative energy.
   MP:        It affects your magic capacity (+9).
   Contam:    It causes magical contamination when unequipped.
 p - a ring of protection from cold
 s - a +4 ring of protection (right hand)
 u - the amulet of Amorality (around neck) {Reflect rC+ SH+5}
   (You found it in a Gauntlet)

   [amulet of reflection]

   It reflects blocked missile attacks.
   rC:        It protects you from cold.
   SH:        It affects your SH (+5).
 B - a +6 ring of strength (left hand)
 P - an amulet of faith
 S - the amulet of the Queen {Acrobat Will- Str+9 Int-2 Dex+3}
   (You found it in a Gauntlet)

   [amulet of the acrobat]

   It increases your evasion while moving and waiting.
   Str:       It affects your strength (+9).
   Int:       It affects your intelligence (-2).
   Dex:       It affects your dexterity (+3).
   Will:      It decreases your willpower.
Wands
 j - a wand of polymorph (22)
 x - a wand of roots (37)
 G - a wand of digging (6)
 J - a wand of light (25)
 T - a wand of flame (46)
 V - a wand of mindburst (12)
Scrolls
 c - 4 scrolls of silence
 f - 8 scrolls of vulnerability
 l - 8 scrolls of immolation
 q - 11 scrolls of fear
 r - 8 scrolls of poison
 w - 2 scrolls of enchant weapon
 z - a scroll of brand weapon
 I - 8 scrolls of amnesia
 Q - 7 scrolls of fog
Potions
 a - 12 potions of heal wounds
 e - 2 potions of brilliance
 g - 7 potions of mutation
 o - 9 potions of curing
 v - 6 potions of invisibility
 C - 5 potions of magic
 F - 4 potions of ambrosia
 L - 6 potions of might
 O - 4 potions of attraction
 U - 4 potions of cancellation
 X - 5 potions of resistance
 Z - 6 potions of flight
Miscellaneous
 h - a condenser vane
 A - a phial of floods
 M - a lightning rod (4/4)


   Skills:
 - Level 23.3(27) Fighting
 + Level 22.0(27) Axes
 - Level 11.4(16.4) Throwing
 + Level 20.4(25.4) Armour
 + Level 15.2(20.2) Dodging
 - Level 17.3(22.3) Stealth
 + Level 22.3(27) Shields
 - Level 16.1 Spellcasting
 - Level 5.6 Translocations
 - Level 10.5 Transmutations
 - Level 6.1 Air Magic
 - Level 9.6 Invocations
 - Level 12.1 Evocations


You had 50 spell levels left.
You knew the following spells:

 Your Spells              Type           Power      Damage    Failure   Level
a - Wereblood             Tmut           20%        N/A       1%          2
b - Apportation           Tloc           26%        N/A       1%          1
c - Passwall              Tmut/Erth      10%        N/A       2%          2
d - Vhi's Electric Charg  Tloc/Air       26%        N/A       3%          3

Your spell library contained the following spells:

 Spells                   Type           Power      Damage    Failure   Level
 Beastly Appendage        Tmut           40%        N/A       1%          1
 Gell's Gravitas          Tloc           13%        N/A       4%          3
 Lesser Beckoning         Tloc           26%        N/A       4%          3
 Spider Form              Tmut/Pois      13%        N/A       4%          3
 Teleport Other           Tloc           13%        N/A       4%          3
 Blade Hands              Tmut           10%        N/A       5%          5
 Static Discharge         Conj/Air       18%        2-3/arc   6%          2
 Kindle Blastsparks       Fire/Tloc/Air  22%        2d11      9%          3
 Cigotuvi's Dreadful Rot  Necr/Pois/Air  16%        N/A       10%         2
 Ignite Poison            Fire/Tmut/Pois 10%        N/A       11%         3
 Airstrike                Air            7%         2d(1-17)  12%         4
 Foxfire                  Conj/Fire      20%        2x1d5     14%         1
 Kiss of Death            Conj/Necr      20%        2d7       14%         1
 Magic Dart               Conj           20%        1d4       14%         1
 Necrotise                Necr           20%        1d5       14%         1
 Sandblast                Erth           10%        2d5       14%         1
 Slow                     Hex            20%        N/A       14%         1
 Portal Projectile        Hex/Tloc       18%        N/A       14%         3
 Manifold Assault         Tloc           13%        N/A       14%         4
 Ice Form                 Ice/Tmut       13%        N/A       17%         4
 Petrify                  Tmut/Erth      13%        N/A       17%         4
 Mephitic Cloud           Conj/Pois/Air  8%         N/A       19%         3
 Ensorcelled Hibernation  Hex/Ice        10%        N/A       22%         2
 Confusing Touch          Hex            5%         N/A       41%         3
 Dazzling Flash           Conj/Hex       10%        N/A       41%         3
 Frozen Ramparts          Ice            10%        1d2       41%         3
 Stone Arrow              Conj/Erth      10%        3d7       41%         3
 Iskenderun's Mystic Bla  Conj/Tloc      9%         2d4       41%         4
 Yara's Violent Unravell  Hex/Tmut       6%         3d5       43%         5
 Anguish                  Hex/Necr       2%         N/A       82%         4
 Dispel Undead            Necr           5%         3d7       82%         4
 Fulminant Prism          Conj/Hex       2%         3d5       82%         4
 Leda's Liquefaction      Hex/Erth       2%         N/A       82%         4
 Olgreb's Toxic Radiance  Pois           5%         N/A       82%         4
 Sticky Flame             Conj/Fire      5%         2d3       82%         4
 Freezing Cloud           Conj/Ice/Air   4%         6-21      86%         5
 Dispersal                Tloc           6%         N/A       91%         6
 Eringya's Noxious Bog    Tmut/Pois      6%         N/A       95%         6
 Statue Form              Tmut/Erth      8%         N/A       95%         6
 Borgnjor's Vile Clutch   Necr/Erth      2%         N/A       99%         5
 Fireball                 Conj/Fire      2%         3d4       99%         5
 Iskenderun's Battlesphe  Conj           5%         2d6       99%         5
 Lee's Rapid Deconstruct  Erth           2%         3d5*      99%         5
 Metabolic Englaciation   Hex/Ice        2%         N/A       99%         5
 Conjure Ball Lightning   Conj/Air       4%         3x3d6     99%         6
 Storm Form               Tmut/Air       8%         N/A       99%         7
 Starburst                Conj/Fire      2%         6d3       100%        6
 Orb of Destruction       Conj           2%         9d5       100%        7
 Ozocubu's Refrigeration  Ice            2%         4d8       100%        7
 Ignition                 Fire           2%         3d3       100%        8
 Maxwell's Capacitive Co  Air            7%         ∞         100%        8
 Necromutation            Tmut/Necr      6%         N/A       100%        8
 Polar Vortex             Ice            2%         N/A       100%        9
 Shatter                  Erth           2%         3d6*      100%        9
 Blink                    Tloc           Unusable   N/A       N/A         2
 Summon Small Mammal      Summ           Unusable   N/A       N/A         1
 Call Imp                 Summ           Unusable   N/A       N/A         2
 Summon Lightning Spire   Summ/Air       Unusable   N/A       N/A         4
 Call Canine Familiar     Summ           Unusable   N/A       N/A         3
 Summon Guardian Golem    Hex/Summ       Unusable   N/A       N/A         3
 Tukima's Dance           Hex            Unusable   N/A       N/A         3
 Summon Forest            Summ/Tloc      Unusable   N/A       N/A         5
 Animate Dead             Necr           Unusable   N/A       N/A         4
 Summon Ice Beast         Ice/Summ       Unusable   N/A       N/A         4
 Death Channel            Necr           Unusable   N/A       N/A         6
 Simulacrum               Ice/Necr       Unusable   N/A       N/A         6
 Spellforged Servitor     Conj/Summ      Unusable   N/A       N/A         7
 Summon Hydra             Summ           Unusable   N/A       N/A         7

Dungeon Overview and Level Annotations

Branches:
Dungeon (15/15)            Temple (1/1) D:4            Lair (5/5) D:10
 Shoals (4/4) Lair:3       Spider (4/4) Lair:2        Slime (0/5) Lair:5
    Orc (2/2) D:12            Elf (2/3) Orc:2        Vaults (5/5) D:13
  Crypt (0/3) Vaults:3     Depths (4/4) D:15           Hell (visited)
    Zot (5/5) Depths:4      Sewer (visited)           IceCv (visited)
Gauntlet (visited)
    Dis: Hell:1         Geh: Hell:1         Coc: Hell:1         Tar: Hell:1

Altars:
Ashenzari
Cheibriados
Dithmenos
Elyvilon
Fedhas
Gozag
Hepliaklqana
Kikubaaqudgha
Makhleb
Nemelex Xobeh
Okawaru
Qazlal
Ru
Sif Muna
Trog
Uskayaw
Vehumet
Wu Jian
Xom
Yredelemnul
Zin
The Shining One

Shops:
D:1 :   D:4 (   D:9 !   D:12 (   D:14 :   Orc:2 =*([   Elf:1 *   Elf:2 [*
Shoals:2 *(   Vaults:1 ?   Vaults:2 *

Portals:
Hell: Depths:1 Depths:2 Depths:3 Depths:4
Abyss: Depths:1 Depths:3
Pandemonium: Depths:2
Ziggurat: Depths:1

Annotations:
D:12 2 transporters, IdlyInterested's ghost, journeyman DsGl
D:14 1 runed translucent door


Innate Abilities, Weirdness & Mutations

You cannot be hasted, slowed, berserked, paralysed or teleported.
You can dig through walls and to a lower floor.
You have a pair of large antennae on your head. (SInv)
Your four strong arms can wield two-handed weapons with a shield.
You are clumsy. (Dex -2)
Your flesh is cold resistant. (rC+)
Your body often deteriorates upon taking damage.
Your magical capacity is low. (-10% MP)


Message History

You closely miss the lich.
The lich is severely damaged.
You howl as the wereblood boils in your veins!
The lich barely misses you.
You slash the lich!
The lich is severely damaged.
You slash Wouh! You block the lich's attack.
You completely miss Wouh.
Wouh is lightly wounded.
You closely miss the lich. You block Wouh's attack.
You slice Wouh!!
Wouh is lightly wounded.
You slash the lich!
The lich mumbles some strange words.
The lich flickers and vanishes for a moment.
You slice Wouh!!
Wouh is moderately wounded.
You carve the lich like a ham!!!
You destroy the lich!
Okawaru accepts your kill. Wouh hits you but does no damage.
You feel your strength returning.
You slice Wouh!!
Wouh is heavily wounded.
You slice Wouh!!
Wouh is heavily wounded.
Wouh hits you but does no damage.
You slice Wouh!!
Wouh is severely wounded.
You hit Wouh but do no damage.
Wouh is severely wounded.
You block Wouh's attack.
You carve Wouh like a ham!!!!
You kill Wouh!
Okawaru accepts your kill.
You howl as the wereblood boils in your veins!
There is a staircase leading out of the dungeon here.
You can't go down here!
You howl as the wereblood boils in your veins!
You have escaped!

##.####.# #.#
#.......# #.#
#..###### #.# #..#
#.# #..## #.# #...#
########.###### #.#.#
#.....).......# #.#.#
#.............#
#.#.###......@......#
#.....#.............#
###.###.............#
#.########.8.######
######.##.# #.#...#
.......##.# #.#.8.#
#########.# #.#...#
#.###.#.>.#
#..##.#...#


There were no monsters in sight!

Vanquished Creatures
  2 pandemonium lords
  Tiamat (Zot:2)
  A dread lich (Zot:5)
  6 orbs of fire
  4 ancient liches
  A juggernaut (Depths:4)
  Josephina (Depths:3)
  Vv (Depths:2)
  3 caustic shrikes (Depths:1)
  6 Killer Klowns (Zot:5)
  3 curse toes
  Geryon (Hell)
  Nikola (Spider:3)
  A profane servitor (Depths:4)
  11 golden dragons
  Arachne (Spider:4)
  2 electric golems (Zot:5)
  14 tentacled monstrosities
  An Ice Fiend (D:2)
  Jorgrun (Orc:1)
  5 liches
  Zenata (Vaults:4)
  9 quicksilver dragons
  26 Orb Guardians
  4 titans
  A deep elf blademaster (Elf:2)
  Polyphemus (Shoals:3)
  An Executioner (D:2)
  7 death cobs
  Kirke (Elf:1)
  5 sphinxes
  17 storm dragons
  Gastronok (D:8)
  8 shadow dragons
  8 tengu reavers
  An azure jelly (Elf:1)
  3 draconian monks
  Roxanne (Spider:2)
  6 fire giants
  2 iron dragons
  A deep elf sorcerer (Elf:1)
  13 frost giants
  3 emperor scorpions
  7 draconian knights
  30 vault wardens
  The ghost of Iluiwk the Fencer, a journeyman DrEE of Sif Muna (D:15)
  5 orc warlords
  6 ghost moths
  5 draconian scorchers
  Aizul (Shoals:1)
  A balrug (Depths:1)
  6 draconian shifters
  A draconian stormcaller (Zot:3)
  3 war gargoyles
  7 broodmothers
  9 stone giants
  20 ironbound preservers
  15 draconian annihilators
  3 reapers (Hell)
  23 very ugly things
  4 spriggan defenders
  2 grey draconians (Depths:4)
  A vampire knight (Depths:1)
  9 ironbound thunderhulks
  12 white draconians
  10 green draconians
  A deep elf demonologist (Elf:1)
  3 deep elf annihilators
  17 dire elephants
  11 black draconians
  3 minotaurs
  11 purple draconians
  9 spark wasps
  2 lorocyprocas
  18 red draconians
  A wendigo (Hell)
  A spark wasp (shapeshifter) (Vaults:5)
  14 yellow draconians
  An iron golem (Hell)
  2 merfolk impalers
  12 ettins
  An eidolon (D:15)
  A blizzard demon (Hell)
  A crystal guardian (Vaults:3)
  A deep elf death mage (Vaults:5)
  13 fire dragons
  16 yaktaur captains
  7 entropy weavers
  A deep elf high priest (Vaults:5)
  6 ice dragons
  A caustic shrike simulacrum (IceCv)
  8 great orbs of eyes
  48 vault guards
  A rakshasa (D:14)
  A peacekeeper (Vaults:3)
  5 spriggan air magi
  5 ogre magi
  A merfolk avatar (Arena)
  Erica (D:8)
  11 ironbound frosthearts
  6 merfolk aquamancers
  5 catoblepae
  13 centaur warriors
  5 hydras
  3 jorogumos
  21 dancing weapons
  4 boulder beetles
  13 satyrs
  An alligator snapping turtle (Shoals:4)
  8 death yaks
  An anaconda (shapeshifter) (Vaults:4)
  14 two-headed ogres
  3 tengu warriors
  A vampire mage (Depths:1)
  4 deep troll shamans
  Urug (D:12)
  2 spriggan berserkers (Depths:4)
  7 deep troll earth magi
  5 orc high priests
  3 spriggans (Depths:3)
  10 hell knights
  27 deep elf knights
  4 sun demons
  A soul eater (Hell)
  A shadow wraith (D:15)
  8 iron trolls
  A sun moth (Spider:2)
  63 deep trolls
  8 pharaoh ants
  A shadow demon (Zot:5)
  5 glowing orange brains
  15 sea snakes
  17 orb spiders
  2 spriggan simulacra
  2 flayed ghosts
  4 phantasmal warriors
  4 steelbarb worms
  6 bog bodies (IceCv)
  2 obsidian statues
  24 deep elf pyromancers
  23 ironbound convokers
  Pikel (D:8)
  14 orc knights
  5 deep elf archers
  34 harpies
  31 deep elf zephyrmancers
  8 necromancers
  14 lindwurms
  14 wizards
  An oklob plant (Lair:2)
  40 ugly things
  14 fauns
  A salamander (shapeshifter) (Depths:1)
  6 orc sorcerers
  A faun (shapeshifter) (Vaults:5)
  A human zombie (Vaults:2)
  19 wolf spiders
  A cyclops (shapeshifter) (Vaults:5)
  17 manticores
  Maurice (Orc:1)
  A worldbinder (Gauntlet)
  6 black mambas
  A large abomination (D:2)
  A moth of wrath (shapeshifter) (Vaults:5)
  3 cyclopes
  A guardian serpent (shapeshifter) (D:9)
  29 moths of wrath
  A centaur zombie (D:15)
  A rust devil (Hell)
  20 vault sentinels
  A smoke demon (Depths:1)
  A toenail golem (D:6)
  3 water nymphs
  A storm dragon simulacrum (Depths:3)
  2 naga magi (D:15)
  7 demonic crawlers
  9 merfolk sirens
  A stone giant skeleton (Vaults:2)
  4 gargoyles
  Joseph (Lair:1)
  11 cane toads
  4 torpor snails
  2 unseen horrors
  Psyche (D:12)
  2 hellions
  2 rime drakes
  A centaur skeleton (D:15)
  2 efreet
  A kobold demonologist (D:11)
  3 ice devils (Hell)
  17 freezing wraiths
  A komodo dragon (shapeshifter) (D:13)
  2 tengu conjurers
  A tormentor (Depths:2)
  31 yaktaurs
  7 komodo dragons
  A spark wasp simulacrum (Depths:3)
  A yaktaur (shapeshifter) (D:13)
  2 anaconda simulacra (IceCv)
  2 red devils
  10 merfolk
  3 golden dragon simulacra (IceCv)
  The ghost of purpskrrrp the Grasshopper, an amateur AtWr of Gozag (D:3)
  6 wind drakes
  4 meliai
  16 hornets
  4 polar bears
  3 trolls
  27 tarantellas
  A tyrant leech (Gauntlet)
  A wolf spider simulacrum (D:15)
  A sphinx simulacrum (Depths:3)
  8 snapping turtles
  Prince Ribbit (D:6)
  19 blink frogs
  14 slime creatures
  A frost giant simulacrum (Depths:3)
  25 jumping spiders
  Sigmund (D:3)
  29 culicivoras
  2 culicivoras (shapeshifter) (Vaults:5)
  2 ynoxinuls
  A shadow (D:13)
  A centaur simulacrum (D:15)
  9 wyverns
  2 dire elephant simulacra (IceCv)
  An air elemental (Elf:1)
  A vampire (D:12)
  5 wraiths
  58 yaks
  2 spriggans (shapeshifter)
  14 water elementals
  5 hogs (Elf:1)
  2 fire elementals (Elf:2)
  7 humans (D:13)
  2 basilisks (Lair:5)
  A yak (shapeshifter) (D:13)
  Eustachio (D:4)
  A steam dragon (shapeshifter) (Elf:2)
  62 redbacks
  2 vampire mosquitoes (D:11)
  3 neqoxecs
  Menkaure (D:7)
  A yaktaur simulacrum (Vaults:2)
  5 chaos spawn
  2 minotaur simulacra (IceCv)
  A glowing shapeshifter zombie (Vaults:2)
  4 swamp worms (Gauntlet)
  2 wargs (Orc:1)
  4 harpy simulacra
  6 acid dragons
  15 water moccasins
  A hornet zombie (D:15)
  3 alligator simulacra (IceCv)
  3 ice beasts
  Pargi (Sewer)
  2 ettin simulacra (IceCv)
  37 orc warriors
  3 sky beasts
  13 wolves
  4 boggarts
  13 ogres
  13 centaurs
  2 lemures (D:8)
  4 kobold brigands
  11 bullfrogs
  2 gnoll sergeants
  A necrophage (D:4)
  An earth elemental (Elf:2)
  2 scorpions
  3 deep troll simulacra (IceCv)
  19 wights
  2 small abominations (D:14)
  6 lindwurm simulacra (IceCv)
  8 killer bees
  A human simulacrum (Vaults:2)
  3 howler monkeys
  An electric eel (Spider:4)
  4 hounds
  A jelly (D:4)
  10 orc priests
  A gnoll bouda (D:8)
  Crazy Yiuf (D:7)
  2 iguanas (D:6)
  Jessica (D:15)
  22 orc wizards
  17 gnolls
  5 adders
  A white imp (D:6)
  3 worms
  2 dart slugs (D:1)
  76 orcs
  5 ball pythons
  6 endoplasms
  2 giant cockroaches (D:1)
  6 goblins
  10 hobgoblins
  19 kobolds
  4 quokkas
  5 bats
  2 frilled lizards
  3 rats
  A fungus (Orc:2)
2130 creatures vanquished.

Vanquished Creatures (others)
  An ancient lich (Zot:5)
  A fire giant (Depths:3)
  A vault warden (Vaults:5)
  A draconian knight (Zot:4)
  A draconian annihilator (Zot:3)
  A minotaur (Shoals:4)
  An ogre mage (Vaults:5)
  A vault guard (D:13)
  A dancing weapon (Elf:2)
  A satyr (Shoals:4)
  An orb spider (Spider:3)
  A deep elf pyromancer (Elf:2)
  A faun (Shoals:4)
  A manticore (Shoals:4)
  A merfolk siren (Shoals:4)
  A shadow dragon simulacrum (Depths:3)
  A tarantella (Spider:3)
  4 demonic plants (Gauntlet)
  31 fungi
  122 plants
174 creatures vanquished.

Grand Total: 2304 creatures vanquished

Notes
Turn   | Place    | Note
-------+----------+-------------------------------------------
     0 | D:1      | hikkokomori the Formicid Fighter began the quest for the
                  | Orb.
     0 | D:1      | Reached XP level 1. HP: 18/18 MP: 1/1
   178 | D:1      | Reached XP level 2. HP: 13/24 MP: 2/2
   517 | D:1      | Reached XP level 3. HP: 26/29 MP: 3/3
   531 | D:1      | Found Ryappux's Vocational Training.
  1457 | D:3      | Identified 2 scrolls of acquirement
  1457 | D:3      | Acquired the +11 trident of the Foremost Teeth {elec, rElec
                  | Int+2}
  1458 | D:3      | Acquired the +9 war axe of Oxoafreung {heavy, rF+ MP+9
                  | Str+8 Int-4}
  1621 | D:3      | Noticed purpskrrrp's ghost (amateur AtWr)
  1622 | D:3      | Found a transporter.
  1625 | D:3      | Found a transporter.
  1654 | D:3      | Reached XP level 4. HP: 31/37 MP: 4/4
  2053 | D:3      | Noticed Sigmund
  2067 | D:3      | Killed Sigmund
  2068 | D:3      | Reached skill level 4 in Fighting
  2068 | D:3      | Reached skill level 5 in Shields
  2068 | D:3      | Reached XP level 5. HP: 43/43 MP: 5/5
  2068 | D:3      | Reached XP level 6. HP: 49/49 MP: 6/6
  2404 | D:4      | Found a glowing drain.
  2423 | Sewer    | Entered a sewer
  2481 | Sewer    | Noticed Pargi
  2483 | Sewer    | Killed Pargi
  2484 | Sewer    | Reached XP level 7. HP: 55/55 MP: 7/7
  2610 | D:4      | Reached skill level 5 in Fighting
  2645 | D:4      | Found Nozamucil's Firing Range.
  2694 | D:4      | Reached skill level 5 in Axes
  2694 | D:4      | Reached skill level 1 in Evocations
  2718 | D:4      | Found a staircase to the Ecumenical Temple.
  2742 | Temple   | Entered the Ecumenical Temple
  2922 | Temple   | Became a worshipper of Warmaster Okawaru
  2973 | D:4      | Noticed Eustachio
  2982 | D:4      | Killed Eustachio
  2983 | D:4      | Reached XP level 8. HP: 63/63 MP: 8/8
  3359 | D:5      | Entered Level 5 of the Dungeon
  3398 | D:5      | Reached * piety under Okawaru
  3664 | D:5      | Reached skill level 6 in Fighting
  3830 | D:5      | Noticed a hornet
  4017 | D:6      | Noticed Prince Ribbit
  4024 | D:6      | Killed Prince Ribbit
  4024 | D:6      | Reached ** piety under Okawaru
  4025 | D:6      | Reached XP level 9. HP: 45/70 MP: 9/9
  4609 | D:6      | Reached skill level 7 in Fighting
  4692 | D:7      | Reached skill level 5 in Evocations
  4694 | D:7      | Reached *** piety under Okawaru
  4759 | D:7      | Noticed Menkaure
  4764 | D:7      | Killed Menkaure
  4885 | D:7      | Noticed a hornet
  4888 | D:7      | Killed a hornet
  4889 | D:7      | Reached XP level 10. HP: 73/79 MP: 10/10
  4982 | D:7      | Noticed an unseen horror
  4984 | D:7      | Killed an unseen horror
  5388 | D:7      | Found a runed translucent door.
  5389 | D:7      | Noticed Crazy Yiuf
  5701 | D:7      | Killed Crazy Yiuf
  6212 | D:8      | Reached **** piety under Okawaru
  6221 | D:8      | Reached skill level 8 in Fighting
  6265 | D:8      | Noticed Erica
  6279 | D:8      | Killed Erica
  6426 | D:8      | Noticed Pikel
  6432 | D:8      | Killed Pikel
  6436 | D:8      | Noticed Gastronok
  6443 | D:8      | Reached skill level 10 in Shields
  6446 | D:8      | Killed Gastronok
  6446 | D:8      | Reached ***** piety under Okawaru
  6447 | D:8      | Reached skill level 10 in Axes
  6447 | D:8      | Reached skill level 5 in Armour
  6447 | D:8      | Reached XP level 11. HP: 44/87 MP: 10/11
  6882 | D:8      | Received a gift from Okawaru
  7428 | D:3      | Killed purpskrrrp's ghost
  7429 | D:3      | Reached skill level 9 in Fighting
  7590 | D:9      | Identified the +1 robe of the Hurricane {rPois rF+++ Int-3
                  | Dex-3}
  7647 | D:9      | Found Ajer's Distillery.
  8022 | D:9      | Bought a potion of curing for 45 gold pieces
  8022 | D:9      | Bought a potion of heal wounds for 75 gold pieces
  8337 | D:9      | Noticed a boulder beetle
  8341 | D:9      | Killed a boulder beetle
  8341 | D:9      | Identified the -2 pair of gloves of the Storm King {+Blink
                  | Will++ Stlth-} (Okawaru gifted it to you on level 9 of the
                  | Dungeon)
  8341 | D:9      | Received a gift from Okawaru
  8343 | D:9      | Reached XP level 12. HP: 92/96 MP: 12/12
  8358 | D:9      | Noticed a two-headed ogre
  8358 | D:9      | Noticed a fire dragon
  8364 | D:9      | Killed a fire dragon
  8367 | D:9      | Killed a two-headed ogre
  8564 | D:9      | Found an ornate altar of the Wu Jian Council.
  8565 | D:9      | Found an opulent altar of Gozag.
  8713 | D:10     | Entered Level 10 of the Dungeon
  8970 | D:10     | Noticed a centaur warrior
  8974 | D:10     | Killed a centaur warrior
  9655 | D:10     | Found a staircase to the Lair.
  9816 | D:11     | Reached skill level 10 in Fighting
 10113 | D:9      | Bought 2 potions of attraction for 90 gold pieces
 10158 | D:11     | Reached skill level 1 in Invocations
 10344 | D:11     | Noticed a two-headed ogre
 10351 | D:11     | Killed a two-headed ogre
 10633 | D:11     | Identified the +7 scimitar of Big Damage {flame, rN+ Int+5}
 10942 | D:12     | Noticed Psyche
 10948 | D:12     | Killed Psyche
 10948 | D:12     | Received a gift from Okawaru
 11005 | D:12     | Found Goufauw's Weapon Shop.
 11062 | D:12     | Noticed a tengu warrior
 11072 | D:12     | Killed a tengu warrior
 11103 | D:12     | Found a transporter.
 11104 | D:12     | Found a transporter.
 11104 | D:12     | Noticed IdlyInterested's ghost (journeyman DsGl)
 11104 | D:12     | Noticed a two-headed ogre
 11122 | D:12     | Noticed a two-headed ogre
 11126 | D:12     | Killed a two-headed ogre
 11127 | D:12     | Reached XP level 13. HP: 101/104 MP: 15/15
 11293 | D:12     | Noticed Urug
 11303 | D:12     | Killed Urug
 11426 | D:12     | Identified the +8 great mace of Valiance {speed, rPois rC-
                  | rN+ Will+++}
 11426 | D:12     | Noticed an ettin
 11474 | D:12     | Found a staircase to the Orcish Mines.
 11676 | D:13     | Found a gate leading to a gauntlet.
 11682 | Gauntlet | Entered a Gauntlet
 11682 | Gauntlet | Found a transporter.
 11689 | Gauntlet | Found a transporter.
 11691 | Gauntlet | Found a transporter.
 11700 | Gauntlet | Found a runed translucent door.
 11702 | Gauntlet | Found a transporter.
 11704 | Gauntlet | Found a transporter.
 11714 | Gauntlet | Found a transporter.
 11730 | Gauntlet | Found a transporter.
 11757 | Gauntlet | Found a transporter.
 11778 | Gauntlet | Found a transporter.
 11788 | Gauntlet | Found a transporter.
 11803 | Gauntlet | Found a transporter.
 11815 | Gauntlet | Found a transporter.
 11818 | Gauntlet | Found a transporter.
 12079 | Gauntlet | Found a transporter.
 12130 | Gauntlet | Identified the amulet of Amorality {Reflect rC+ SH+5}
 12189 | Gauntlet | Noticed a minotaur
 12196 | Gauntlet | Killed a minotaur
 12202 | Gauntlet | Identified the amulet of the Queen {Acrobat Will- Str+9
                  | Int-2 Dex+3}
 12311 | D:13     | Noticed a centaur warrior
 12317 | D:13     | Killed a centaur warrior
 12507 | D:13     | Killed a vault guard
 12689 | D:13     | Identified the +1 robe "Nasaceomu" {rPois rCorr Int-3}
                  | (Okawaru gifted it to you on level 13 of the Dungeon)
 12689 | D:13     | Received a gift from Okawaru
 12759 | D:13     | Noticed a centaur warrior
 12767 | D:13     | Killed a centaur warrior
 13030 | D:13     | Noticed a vault guard
 13030 | D:13     | Noticed a vault guard
 13031 | D:13     | Noticed a vault guard
 13036 | D:13     | Reached skill level 11 in Fighting
 13040 | D:13     | Killed a vault guard
 13043 | D:13     | Killed a vault guard
 13044 | D:13     | Reached skill level 5 in Invocations
 13044 | D:13     | Noticed a vault guard
 13049 | D:13     | Killed a vault guard
 13058 | D:13     | Killed a vault guard
 13061 | D:13     | Found a gate to the Vaults.
 13813 | Lair:1   | Entered Level 1 of the Lair of Beasts
 14035 | Lair:1   | Noticed Sonja
 14037 | Lair:1   | Sonja changed into Sonja the water moccasin
 14037 | Lair:1   | Noticed Sonja
 14040 | Lair:1   | Killed Sonja the water moccasin
 14367 | Lair:1   | Noticed Joseph
 14376 | Lair:1   | Killed Joseph
 14710 | Lair:2   | Reached XP level 14. HP: 113/113 MP: 18/18
 15502 | Lair:2   | Found a hole to the Spider Nest.
 16223 | Lair:3   | Identified the +8 executioner's axe of hikkokomori's Action
                  | {freeze, rF+++ Will- Str+2 Dex-2} (Okawaru gifted it to you
                  | on level 3 of the Lair of Beasts)
 16223 | Lair:3   | Received a gift from Okawaru
 16496 | Lair:3   | Found a staircase to the Shoals.
 17379 | Lair:4   | Reached skill level 10 in Armour
 17446 | Lair:4   | Identified the +4 pair of boots of Okawaru's Anger {Slay+5}
                  | (Okawaru gifted it to you on level 4 of the Lair of Beasts)
 17446 | Lair:4   | Received a gift from Okawaru
 17447 | Lair:4   | Reached skill level 12 in Fighting
 17787 | Lair:4   | Reached ****** piety under Okawaru
 18027 | Lair:4   | Reached skill level 15 in Axes
 18398 | Lair:5   | Entered Level 5 of the Lair of Beasts
 18861 | Lair:5   | Reached XP level 15. HP: 121/121 MP: 20/20
 19002 | Lair:5   | Received a gift from Okawaru
 19344 | Lair:5   | Found a staircase to the Slime Pits.
 20160 | Orc:1    | Entered Level 1 of the Orcish Mines
 20372 | Orc:1    | Noticed Maurice
 20379 | Orc:1    | Reached skill level 15 in Shields
 20380 | Orc:1    | Killed Maurice
 20509 | Orc:2    | Entered Level 2 of the Orcish Mines
 20512 | Orc:2    | Found Myny's Jewellery Emporium.
 20597 | Orc:2    | Found Oziss's Antique Weapon Shoppe.
 20854 | Orc:1    | Reached skill level 13 in Fighting
 20962 | Orc:1    | Noticed Jorgrun
 20972 | Orc:1    | Killed Jorgrun
 21324 | Orc:2    | Found Wileirio's Antique Armour Boutique.
 21355 | Orc:2    | Noticed an orc warlord
 21364 | Orc:2    | Identified the +0 tower shield of Chimes {Str+7 Dex-2
                  | Slay-6} (Okawaru gifted it to you on level 2 of the Orcish
                  | Mines)
 21364 | Orc:2    | Received a gift from Okawaru
 21367 | Orc:2    | Killed an orc warlord
 21731 | Orc:2    | Found Hojeutig's General Store.
 21794 | Orc:2    | Found a staircase to the Elven Halls.
 22056 | D:14     | Found Ecisus's Book Shop.
 22086 | D:14     | Reached XP level 16. HP: 131/131 MP: 23/23
 22361 | D:14     | Found a runed translucent door.
 22364 | D:14     | Found the +2 shield of Resistance {rF++ rC++ Will++}
 22400 | D:14     | Found a runed translucent door.
 22534 | Orc:2    | Bought a runed cloak for 225 gold pieces
 22633 | D:15     | Entered Level 15 of the Dungeon
 23223 | D:15     | Reached skill level 14 in Fighting
 23424 | D:15     | Found a runed translucent gate.
 23424 | D:15     | Found a runed translucent gate.
 23424 | D:15     | Found a runed translucent gate.
 23427 | D:15     | Noticed Iluiwk's ghost (journeyman DrEE)
 23553 | D:15     | Found a sparkling altar of Nemelex Xobeh.
 23553 | D:15     | Noticed Jessica
 23561 | D:15     | Killed Jessica
 24236 | D:15     | Found a staircase to the Depths.
 24316 | D:15     | Killed Iluiwk's ghost
 24854 | Shoals:1 | Entered Level 1 of the Shoals
 24862 | Shoals:1 | Noticed Aizul
 24871 | Arena    | Entered the Arena
 24910 | Shoals:1 | Killed Aizul
 25109 | Shoals:1 | Identified the +0 plate armour of Intuition {rN+} (Okawaru
                  | gifted it to you on level 1 of the Shoals)
 25109 | Shoals:1 | Received a gift from Okawaru
 25156 | Shoals:1 | Reached skill level 15 in Fighting
 26262 | Shoals:2 | Learned a level 2 spell: Wereblood
 26302 | Shoals:2 | Reached skill level 1 in Transmutations
 26306 | Shoals:2 | Reached skill level 1 in Spellcasting
 26402 | Shoals:2 | Found Senar's Weapon Emporium.
 26562 | Shoals:2 | Found Ynucifag's Gadget Gallery.
 26575 | Shoals:2 | Bought a wand of mindburst (6) for 126 gold pieces
 26575 | Shoals:2 | Bought a lightning rod (4/4) for 450 gold pieces
 26801 | Shoals:2 | Reached XP level 17. HP: 127/142 MP: 24/24
 27866 | Shoals:3 | Received a gift from Okawaru
 27928 | Shoals:3 | Noticed Polyphemus
 27956 | Shoals:3 | Killed Polyphemus
 27957 | Shoals:3 | Reached skill level 16 in Fighting
 28582 | Shoals:4 | Entered Level 4 of the Shoals
 28711 | Spider:1 | Entered Level 1 of the Spider Nest
 28727 | Spider:1 | Reached skill level 5 in Transmutations
 28932 | Orc:2    | Bought a ring of poison resistance for 220 gold pieces
 29699 | Spider:1 | Reached skill level 5 in Spellcasting
 29724 | Spider:1 | Reached skill level 15 in Armour
 29973 | Spider:1 | Received a gift from Okawaru
 30210 | Spider:2 | Received a gift from Okawaru
 30210 | Spider:2 | Found the +18 shield of the Gong {rElec rN+ Will+ EV-5}
 30223 | Spider:2 | Reached XP level 18. HP: 153/153 MP: 26/26
 30240 | Spider:2 | Identified Roxanne's Quarto of the Fjord
 30240 | Spider:2 | Noticed Roxanne
 30385 | Spider:2 | Killed Roxanne
 30834 | Spider:2 | Identified the +5 dagger "Caze Zari" {heavy, *Slow rElec
                  | Int+7}
 31375 | Spider:3 | Reached skill level 17 in Fighting
 31650 | Spider:3 | Received a gift from Okawaru
 31800 | Spider:3 | Learned a level 1 spell: Apportation
 32257 | Spider:3 | Reached skill level 1 in Translocations
 32608 | Spider:3 | Noticed Nikola
 32622 | Spider:3 | Killed Nikola
 33161 | Spider:4 | Entered Level 4 of the Spider Nest
 33617 | Spider:4 | Reached XP level 19. HP: 139/158 MP: 30/30
 33698 | Spider:4 | Noticed Arachne
 33709 | Spider:4 | Identified the +1 tower shield "Zoabregg" {rElec} (Okawaru
                  | gifted it to you on level 4 of the Spider Nest)
 33709 | Spider:4 | Received a gift from Okawaru
 33716 | Spider:4 | Killed Arachne
 34055 | Spider:4 | Reached skill level 1 in Throwing
 34312 | Spider:4 | Found the +3 pair of gauntlets of War {Slay+5}
 34462 | Spider:4 | Got a gossamer rune of Zot
 34865 | Shoals:4 | Reached skill level 18 in Fighting
 35577 | Shoals:4 | Received a gift from Okawaru
 35613 | Shoals:4 | Got Nanuofes's Directory of Hexes
 35699 | Shoals:4 | Identified the +10 trident "Ycosuxt" {heavy, Int+2}
 35732 | Shoals:4 | Got a barnacled rune of Zot
 36158 | Elf:1    | Entered Level 1 of the Elven Halls
 36189 | Elf:1    | Reached skill level 5 in Translocations
 36238 | Elf:1    | Reached XP level 20. HP: 70/172 MP: 33/33
 36248 | Elf:1    | Reached skill level 5 in Throwing
 36346 | Elf:1    | Received a gift from Okawaru
 36371 | Elf:1    | Found Muemiot's General Store.
 36374 | Elf:1    | Found a frozen archway.
 36384 | Elf:1    | Bought a potion of heal wounds for 70 gold pieces
 36384 | Elf:1    | Bought a scroll of fog for 56 gold pieces
 36463 | IceCv    | Entered an ice cave
 36551 | IceCv    | Found an ancient bone altar of Kikubaaqudgha.
 36560 | IceCv    | Identified the +4 chain mail "Coliol" {Will- rCorr Int+4}
                  | (Okawaru gifted it to you in an ice cave)
 36560 | IceCv    | Received a gift from Okawaru
 36711 | IceCv    | Identified the ring of the Marlin {Fly rN+}
 36846 | IceCv    | Reached skill level 10 in Spellcasting
 37300 | Elf:1    | Noticed Kirke
 37312 | Elf:1    | Killed Kirke
 37678 | Elf:2    | Found Lanyxzae's General Store.
 37696 | Elf:2    | Reached skill level 19 in Fighting
 37725 | Elf:2    | Received a gift from Okawaru
 38173 | Elf:2    | Found a runed translucent gate.
 38174 | Elf:2    | Found a runed translucent gate.
 38174 | Elf:2    | Found a runed translucent gate.
 38205 | Elf:2    | Found Udghesch's Armour Shop.
 38288 | Elf:2    | Reached skill level 1 in Dodging
 38454 | Elf:2    | Received a gift from Okawaru
 38485 | Elf:2    | Reached XP level 21. HP: 146/180 MP: 35/35
 38492 | Elf:2    | Identified the +2 pair of boots "Tipn" {Will- Regen+ Str+6}
                  | (Okawaru gifted it to you on level 2 of the Elven Halls)
 38492 | Elf:2    | Received a gift from Okawaru
 39121 | Vaults:1 | Entered Level 1 of the Vaults
 39809 | Vaults:1 | Found Gixyppu's Magic Scroll Shop.
 39958 | Vaults:1 | Identified the +0 kite shield of the Stallion {Harm Str-5
                  | Int+7} (Okawaru gifted it to you on level 1 of the Vaults)
 39958 | Vaults:1 | Received a gift from Okawaru
 39961 | Vaults:1 | Reached skill level 5 in Dodging
 39970 | Vaults:1 | Identified the +5 arbalest of Jatosk {penet, rCorr Str+3
                  | Dex+2}
 40251 | Vaults:1 | Reached skill level 20 in Fighting
 40379 | Vaults:1 | Reached XP level 22. HP: 161/190 MP: 36/36
 40884 | Arena    | Entered the Arena
 40910 | Arena    | Entered the Arena
 40937 | Vaults:2 | Reached skill level 10 in Throwing
 41187 | Vaults:2 | Received a gift from Okawaru
 41396 | Vaults:2 | Found Ximosole's Assorted Antiques.
 41414 | Vaults:2 | Bought a potion of ambrosia for 152 gold pieces
 42994 | Vaults:3 | Identified the +0 pair of gloves of Voelluiz {Harm}
                  | (Okawaru gifted it to you on level 3 of the Vaults)
 42994 | Vaults:3 | Received a gift from Okawaru
 42995 | Vaults:3 | Reached XP level 23. HP: 198/198 MP: 37/37
 43663 | Vaults:3 | Found a staircase to the Crypt.
 43663 | Vaults:3 | Found an ancient bone altar of Kikubaaqudgha.
 43664 | Vaults:3 | Found a basalt altar of Yredelemnul.
 44433 | Vaults:4 | Noticed Zenata
 44443 | Vaults:4 | Killed Zenata
 44650 | Vaults:4 | Reached skill level 21 in Fighting
 44721 | Vaults:4 | Found a portal to a secret trove of treasure.
 44777 | Vaults:4 | Reached skill level 1 in Stealth
 45175 | Vaults:4 | Identified the +10 hand axe of Besi Nae {venom, Str+5
                  | Dex+5} (Okawaru gifted it to you on level 4 of the Vaults)
 45175 | Vaults:4 | Received a gift from Okawaru
 45623 | Vaults:4 | Found the +3 greatsling "Punk" {acid, rCorr}
 45777 | Vaults:5 | Entered Level 5 of the Vaults
 45803 | Vaults:5 | Noticed a golden dragon
 45806 | Vaults:5 | Noticed an ancient lich
 45807 | Vaults:5 | Reached skill level 5 in Stealth
 45807 | Vaults:5 | Noticed a golden dragon
 45808 | Vaults:5 | Reached XP level 24. HP: 112/208 MP: 37/37
 45811 | Vaults:5 | Received a gift from Okawaru
 45820 | Vaults:4 | Killed a golden dragon
 46625 | Depths:1 | Entered Level 1 of the Depths
 46792 | Depths:1 | Found a one-way gate to the infinite horrors of the Abyss.
 46961 | Depths:1 | Noticed a caustic shrike
 46961 | Depths:1 | Noticed a caustic shrike
 46961 | Depths:1 | Noticed a caustic shrike
 46976 | Depths:1 | Killed a caustic shrike
 46976 | Depths:1 | Identified the +4 tower shield of Daikk {rF+ rCorr Dex+4}
                  | (Okawaru gifted it to you on level 1 of the Depths)
 46976 | Depths:1 | Received a gift from Okawaru
 46978 | Depths:1 | Killed a caustic shrike
 46986 | Depths:1 | Killed a caustic shrike
 47421 | Depths:1 | Found a one-way gateway to a ziggurat.
 47677 | Depths:1 | Found a gateway to Hell.
 47693 | Depths:1 | Identified the +0 scale mail of Masoclus {Drain rElec Str+4
                  | Stlth+}
 48029 | Elf:1    | Bought a scroll of enchant weapon for 105 gold pieces
 49167 | Vaults:4 | You paid a toll of a +4 demon whip to enter a treasure
                  | trove
 49168 | Trove    | Entered a treasure trove
 49186 | Trove    | Got the Meditations on Overcast Metamorphosis
 49233 | Trove    | Got Xepaff's Opusculum on the Different Compass
 49238 | Trove    | Got Sif Muna's Grimoire of the Stormy Xenotype
 49274 | Vaults:4 | Learned a level 2 spell: Passwall
 49278 | Vaults:4 | Learned a level 3 spell: Vhi's Electric Charge
 49840 | Depths:2 | Reached skill level 1 in Air Magic
 49843 | Depths:2 | Reached skill level 10 in Dodging
 50372 | Depths:2 | Noticed Vv
 50387 | Depths:2 | Killed Vv
 50536 | Depths:2 | Found a one-way gate leading to the halls of Pandemonium.
 51492 | Depths:3 | Reached skill level 22 in Fighting
 51542 | Depths:3 | Received a gift from Okawaru
 51543 | Depths:3 | Reached skill level 10 in Stealth
 51769 | Depths:3 | Reached XP level 25. HP: 212/217 MP: 38/38
 51812 | Depths:3 | Received a gift from Okawaru
 51871 | Depths:3 | Identified the ring of Ysorch {Ice Contam rN+++ MP+9
                  | Slay-3}
 51871 | Depths:3 | Noticed Josephina
 51886 | Depths:3 | Killed Josephina
 52650 | Hell     | Entered the Vestibule of Hell
 52651 | Hell     | Noticed Geryon
 52678 | Hell     | Killed Geryon
 52897 | Depths:4 | Entered Level 4 of the Depths
 52914 | Depths:4 | Found a shadowy altar of Dithmenos.
 52944 | Depths:4 | Received a gift from Okawaru
 52993 | Depths:4 | Received a gift from Okawaru
 53248 | Depths:4 | Noticed a juggernaut
 53262 | Depths:4 | Killed a juggernaut
 54040 | Depths:4 | Identified the +2 kite shield "Dasusiy" {rC+ Dex+2}
                  | (Okawaru gifted it to you on level 4 of the Depths)
 54040 | Depths:4 | Received a gift from Okawaru
 54063 | Depths:4 | Found a gate to the Realm of Zot.
 54252 | Depths:4 | Reached skill level 5 in Air Magic
 54918 | Arena    | Entered the Arena
 54935 | Vaults:4 | Killed an ancient lich
 54942 | Vaults:4 | HP: 2/219 [tengu reaver/bolt of acid (23)]
 55510 | Vaults:5 | Identified the +5 scimitar "Aduuvvig" {drain, Fly rN+
                  | Int+2}
 55511 | Vaults:5 | Reached XP level 26. HP: 184/226 MP: 41/41
 55513 | Vaults:5 | Noticed an ancient lich
 55521 | Vaults:5 | Reached skill level 15 in Stealth
 55523 | Vaults:5 | Killed an ancient lich
 55841 | Vaults:5 | Received a gift from Okawaru
 55858 | Vaults:5 | Reached skill level 23 in Fighting
 55858 | Vaults:5 | Reached skill level 15 in Spellcasting
 55859 | Vaults:5 | Identified the +0 animal skin of the Loofah {rElec Str+5
                  | Slay-5} (Okawaru gifted it to you on level 5 of the Vaults)
 55859 | Vaults:5 | Received a gift from Okawaru
 57085 | Vaults:5 | Got a silver rune of Zot
 57175 | Vaults:5 | Identified the +1 pair of boots "Nufub" {rElec Str+4}
 58143 | Zot:1    | Entered Level 1 of the Realm of Zot
 58203 | Zot:1    | Identified the +2 robe of the Ornamental Wumpus {rF++ rCorr
                  | Dex+5}
 58560 | Zot:1    | Reached skill level 10 in Evocations
 58767 | Zot:1    | Noticed an orb of fire
 58774 | Zot:1    | Killed an orb of fire
 58998 | Zot:2    | Reached XP level 27. HP: 235/235 MP: 20/43
 59139 | Zot:2    | Received a gift from Okawaru
 59162 | Zot:2    | Received a gift from Okawaru
 59165 | Zot:2    | Found the +4 dragonskin cloak
 59165 | Zot:2    | Noticed Tiamat
 59204 | Zot:2    | Received a gift from Okawaru
 59222 | Zot:2    | Killed Tiamat
 61243 | Zot:4    | Received a gift from Okawaru
 61330 | Zot:4    | Reached skill level 10 in Transmutations
 61500 | Zot:4    | Gained mutation: You occasionally lose the ability to read
                  | scrolls when taking damage. [mutagenic glow]
 61510 | Zot:4    | Gained mutation: You sometimes lose the ability to read
                  | scrolls when taking damage. [mutagenic glow]
 61528 | Zot:4    | Gained mutation: You occasionally lose the ability to drink
                  | potions when taking damage. [mutagenic glow]
 62033 | Zot:4    | Noticed an orb of fire
 62071 | Zot:4    | Gained mutation: You sometimes lose the ability to drink
                  | potions when taking damage. [an orb of fire]
 62072 | Zot:4    | Killed an orb of fire
 62072 | Zot:4    | Identified the +1 scale mail of a Thousand Ghosts {Fly
                  | rPois Dex+2 SInv} (Okawaru gifted it to you on level 4 of
                  | the Realm of Zot)
 62072 | Zot:4    | Received a gift from Okawaru
 62073 | Zot:4    | Lost mutation: You sometimes lose the ability to drink
                  | potions when taking damage. [potion of mutation]
 62073 | Zot:4    | Lost mutation: You occasionally lose the ability to drink
                  | potions when taking damage. [potion of mutation]
 62073 | Zot:4    | Lost mutation: You sometimes lose the ability to read
                  | scrolls when taking damage. [potion of mutation]
 62073 | Zot:4    | Gained mutation: You are somewhat resistant to further
                  | mutation. [potion of mutation]
 62074 | Zot:4    | Lost mutation: You are somewhat resistant to further
                  | mutation. [potion of mutation]
 62074 | Zot:4    | Lost mutation: You occasionally lose the ability to read
                  | scrolls when taking damage. [potion of mutation]
 62074 | Zot:4    | Gained mutation: You are clumsy. (Dex -2) [potion of
                  | mutation]
 62074 | Zot:4    | Gained mutation: Your flesh is cold resistant. (rC+)
                  | [potion of mutation]
 62133 | Zot:5    | Entered Level 5 of the Realm of Zot
 62376 | Zot:5    | Noticed an ancient lich
 62384 | Zot:5    | Killed an ancient lich
 62448 | Zot:5    | Noticed a dread lich
 62463 | Zot:5    | Killed a dread lich
 62497 | Zot:5    | Noticed an orb of fire
 62503 | Zot:5    | Gained mutation: Your body sometimes deteriorates upon
                  | taking damage. [an orb of fire]
 62517 | Zot:5    | Killed an orb of fire
 62622 | Zot:5    | Noticed an ancient lich
 62632 | Zot:5    | Killed an ancient lich
 62655 | Zot:5    | Noticed a Killer Klown
 62665 | Zot:5    | Noticed an orb of fire
 62666 | Zot:5    | Noticed a Killer Klown
 62667 | Zot:5    | Noticed a Killer Klown
 62670 | Zot:5    | Killed a Killer Klown
 62670 | Zot:5    | Gained mutation: Your magical capacity is low. (-10% MP)
                  | [an orb of fire]
 62679 | Zot:5    | Killed an orb of fire
 62681 | Zot:5    | Killed a Killer Klown
 62681 | Zot:5    | Killed a Killer Klown
 62689 | Zot:5    | Noticed a Killer Klown
 62698 | Zot:5    | Killed a Killer Klown
 62698 | Zot:5    | Received a gift from Okawaru
 62709 | Zot:5    | Noticed an orb of fire
 62709 | Zot:5    | Noticed a Killer Klown
 62710 | Zot:5    | Noticed an orb of fire
 62714 | Zot:5    | Noticed a Killer Klown
 62715 | Zot:5    | Gained mutation: Your body often deteriorates upon taking
                  | damage. [an orb of fire]
 62719 | Zot:5    | Received a gift from Okawaru
 62721 | Zot:5    | Killed a Killer Klown
 62723 | Zot:5    | Killed an orb of fire
 62726 | Zot:5    | Killed an orb of fire
 62732 | Zot:5    | Killed a Killer Klown
 62734 | Zot:5    | Received a gift from Okawaru
 62765 | Zot:5    | Noticed an ancient lich
 62773 | Zot:5    | Killed an ancient lich
 62774 | Zot:5    | Reached skill level 15 in Dodging
 63029 | Zot:5    | Got the Orb of Zot
 63406 | D:14     | Noticed Luacouf the pandemonium lord
 63426 | D:14     | Killed Luacouf the pandemonium lord
 63764 | D:1      | Noticed Wouh the pandemonium lord
 63784 | D:1      | Killed Wouh the pandemonium lord
 63791 | D:$      | Escaped with the Orb!

Illustrated notes

Levels and vault maps discovered:
D:1:      lemuel_arrival_hallway, layout_loops_ring, roderic_serpentine_path,
          nicolae_shop_vocational
D:2:      layout_loops_cross, serial_bayou_ford_a, minmay_cut_off
D:3:      layout_loops_ring, gammafunk_ghost_arena, uniq_sigmund
D:4:      layout_basic, minmay_temple_entry_wispy, cheibrodos_sewer_entry_bend,
          nicolae_shop_firing_range, uniq_eustachio
D:5:      layout_basic, lightli_corner_chamber
D:6:      layout_cave_pools, uniq_prince_ribbit1
D:7:      layout_basic, kennysheep_cross_room, uniq_menkaure,
          uniq_crazy_yiuf_cottage
D:8:      layout_cave_pools, nicolae_sextant, kennysheep_nondescript,
          grunt_ministairs_9, bh_walls_and_bars, uniq_pikel, uniq_erica,
          uniq_gastronok
D:9:      nzn_winding_woodlands_three_and_one [nzn_winding_woodlands_5x15_pool,
          nzn_winding_woodlands_5x15_twine,
          nzn_winding_woodlands_5x15_longhouse,
          nzn_winding_woodlands_center_lodge], layout_basic,
          nicolae_overflow_hidden_temple, serial_shops, nicolae_stop_n_shop_1
D:10:     gammafunk_indiana_jones, layout_basic
D:11:     layout_long_grid, minmay_circle_x
D:12:     layout_long_grid, david_orc_5, gammafunk_ghost_smash, serial_shops,
          nicolae_shop_bloodbath_and_beyond, chequers_serial_rivers_micro_e,
          nzn_life_drinkers, uniq_psyche, uniq_urug
D:13:     layout_loops_ring, ximxim_vaults_locker_room, gauntlet_entry_generic
D:14:     layout_loops_cross, serial_shops, shop, serial_bayou_pond_d,
          minmay_guarded_unrand_resistance
D:15:     grunt_enter_depths_magical_seal, layout_stronghold,
          gammafunk_ghost_spectres, nemelex_lonely_heart_becter
Temple:   nicolae_temple_bog_church
Lair:1:   layout_cave_pods, grunt_megastairs_5, uniq_sonja, uniq_joseph
Lair:2:   layout_small_grid, hellmonk_spider_entry_not_the_bees,
          infiniplex_staircase_pool_2
Lair:3:   layout_layer_cave, minmay_shoals_entry_centaurs
Lair:4:   layout_hall_layers, grunt_megastairs_1, infiniplex_staircase_pool
Lair:5:   evilmike_catoblepas_cave, layout_gridlike, dpeg_slime_entry_enclosed
Shoals:1: layout_shoals, uniq_aizul
Shoals:2: cheibrodos_shoals_three_sisters, layout_shoals, serial_shops,
          nicolae_shop_stone, nicolae_shop_gadgets
Shoals:3: layout_shoals, uniq_polyphemus
Shoals:4: shoals_end_hellmonk_lost_city
Spider:1: layout_spider_delve, spiders_nest_hornet_nest,
          hangedman_spider_tarantella_strand
Spider:2: nicolae_spider_mines_1, uniq_roxanne
Spider:3: layout_chambers, uniq_nikola
Spider:4: spider_rune_water, spiders_nest_the_unseen, uniq_donald, uniq_arachne
Orc:1:    layout_diamond_mine, minmay_orc_temple_b, uniq_jorgrun, uniq_maurice
Orc:2:    grunt_orc_gardens, layout_diamond_mine, grunt_orc_garden,
          grunt_orc_garden, grunt_orc_garden, grunt_orc_garden
Elf:1:    elf_arrival_001, layout_loops_cross, serial_shops, shop,
          portal_ice_cave_entry_horrid_things, hangedman_elf_disciples,
          uniq_kirke
Elf:2:    nicolae_elf_blades_crystal_corner, layout_gridlike, serial_shops,
          nicolae_take_the_stairs, nicolae_shop_hallway_stairs,
          nicolae_square_shop
Vaults:1: nicolae_vaults_arrows, nicolae_vaults_theta, ontoclasm_vaults_fault,
          ontoclasm_vaults_loading_screen, hangedman_vaults_stretched_pinwheel,
          st_lines, hangedman_vaults_hat, vaults_room_pools, v_misc_4,
          vaults_mumra_hex, vaults_room_door_ring, hangedman_vaults_capsules,
          v_alt_pattern_1, v_misc_12, layout_vaults_omnibox, serial_shops, shop
Vaults:2: v_rooms_6, vaults_mumra_minichess_inversion, v_misc_30,
          ontoclasm_vaults_loading_screen, layout_vaults_quadrants,
          serial_shops, nicolae_shop_window_shopping
Vaults:3: v_misc_13, nicolae_vaults_mini_display_case, nicolae_vaults_little_ls,
          nicolae_vaults_little_squares_1, minmay_crypt_entry_necro_gods,
          vaults_dpeg_diagonal, ontoclasm_vaults_gateway, v_rooms_5,
          ontoclasm_vaults_shout, nicolae_vaults_circle_grid_b,
          nicolae_vaults_stairing_the_circle, grunt_vaults_hallway_short,
          vaults_dpeg_emergency_exit, hangedman_vaults_trim,
          layout_vaults_omnicross
Vaults:4: ontoclasm_vaults_echo, hangedman_vaults_locks,
          nicolae_vaults_network_barrier, vaults_mumra_minichess,
          ontoclasm_vaults_ring_large, v_misc_2, vaults_room_grid,
          grunt_vaults_focal, vaults_dpeg_doors, grunt_vaults_swirl,
          grunt_vaults_hallway_long, nicolae_vaults_circle_grid_b, v_misc_9,
          layout_vaults_maze_bifur, enter_trove_0, uniq_zenata
Vaults:5: serial_shops
Depths:1: layout_honeycomb, enter_ziggurat_b, lightli_too_deep,
          serial_bayou_shore_b, hangedman_abyss_entry_splay,
          kennysheep_minor_cross, grunt_potential
Depths:2: nicolae_hitomezashi [nicolae_hito_row, nicolae_hito_row,
          nicolae_hito_row, nicolae_hito_row, nicolae_hito_row,
          nicolae_hito_row, nicolae_hito_row, nicolae_hito_row,
          nicolae_hito_row, nicolae_hito_row, nicolae_hito_row,
          nicolae_hito_row, nicolae_hito_row, nicolae_hito_row,
          nicolae_hito_row, nicolae_hito_row, nicolae_hito_row,
          nicolae_hito_row], layout_honeycomb, hell_entry,
          serial_co_window_serial, co_window_paths_a,
          co_window_of_opportunity_a, co_window_paths_b,
          co_window_of_opportunity_a, co_window_of_opportunity_a,
          co_window_paths_b, co_window_corner_a, co_window_corner_b,
          co_window_corner_b, co_window_of_opportunity_b, glass_columns_b,
          glass_columns_c, glass_columns_c, glass_columns_b,
          rand_demon_pan_entry_4, uniq_vv
Depths:3: grunt_bruiser_brothers, layout_cave_shapes, abyss_entry,
          chequers_serial_rivers_micro_b, grunt_hell_entry_dis_old,
          serial_bayou_pond_e, grunt_ministairs_7, nicolae_hexahallways,
          uniq_josephina
Depths:4: evilmike_zot_entry_gauntlet, layout_long_grid, grunt_dithmenos_smoke,
          hell_entry
Hell
Zot:1:    kennysheep_room_grid, layout_misc_corridors
Zot:2:    layout_cathedral_of_symmetry, st_stairs_4, uniq_tiamat
Zot:3:    layout_cathedral_of_symmetry
Zot:4:    layout_misc_corridors, nrook_zot_tub, grunt_megastairs_4
Zot:5:    layout_misc_corridors, bh_zot_ikea_curve, grunt_ministairs_3

Skill      XL: |  1  2  3  4  5  6  7  8  9 10 11 12 13 14 15 16 17 18 19 20 21 22 23 24 25 26 27 |
---------------+----------------------------------------------------------------------------------+-----
Fighting       | 4 5 6 7 8 9 10 11 12 13 15 16 17 18 19 20 21 22 23 | 23.3
Axes           | 4 5 7 8 10 11 12 14 15 16 17 18 19 20 22 | 22.0
Shields        | 5 6 7 8 10 11 12 13 14 15 22 | 22.3
Evocations     | 2 3 5 6 7 8 10 12 | 12.1
Armour         | 5 6 7 9 10 11 14 15 16 17 18 20 | 20.4
Invocations    | 2 5 7 9 |  9.6
Transmutations | 2 6 7 8 10 | 10.5
Spellcasting   | 1 5 7 9 10 11 14 16 | 16.1
Translocations | 2 5 |  5.6
Throwing       | 4 7 9 10 11 | 11.4
Dodging        | 1 5 7 9 10 11 12 15 | 15.2
Stealth        | 5 10 14 17 | 17.3
Air Magic      | 3 5 6 |  6.1

Action                   |  1- 3 |  4- 6 |  7- 9 | 10-12 | 13-15 | 16-18 | 19-21 | 22-24 | 25-27 || total
-------------------------+-------+-------+-------+-------+-------+-------+-------+-------+-------++-------
Melee: War axe           |    84 |    33 |   116 |   255 |   587 |   802 |   663 |   728 |  1018 ||  4286
 Fire: Greatsling        |       |       |       |       |       |       |       |     3 |       ||     3
Throw: Javelin           |       |       |       |     1 |       |     1 |     1 |       |    13 ||    16
 Cast: Wereblood         |       |       |       |       |       |     6 |    21 |    18 |    31 ||    76
       Vhi's Electric Ch |       |       |       |       |       |       |       |       |     1 ||     1
Invok: Heroism           |       |       |       |     3 |    10 |    16 |    15 |    12 |    29 ||    85
       Finesse           |       |       |       |       |     2 |     3 |     1 |     3 |     5 ||    14
       Duel              |       |       |       |       |       |     1 |       |     2 |     1 ||     4
 Abil: Dig               |       |       |       |       |     7 |     3 |     3 |     2 |     8 ||    23
Evoke: Wand              |       |       |       |     2 |     7 |    12 |       |       |     1 ||    22
       Condenser vane    |       |       |       |       |       |     1 |     2 |     1 |     1 ||     5
       Lightning rod     |       |       |       |       |       |       |     4 |       |       ||     4
       Phial of floods   |       |       |       |       |       |       |     1 |       |       ||     1
  Use: Scroll            |     4 |     1 |       |    19 |     4 |     4 |     1 |    12 |     5 ||    50
       Potion            |       |     1 |       |     2 |     1 |    14 |     4 |     4 |    25 ||    51
 Stab: Invisible         |       |       |       |     1 |       |       |    16 |       |       ||    17
       Sleeping          |       |       |       |       |       |       |       |       |     6 ||     6
       Distracted        |       |       |       |       |       |       |       |       |     1 ||     1
Armor: Scale mail        |    39 |    13 |    57 |     7 |       |       |       |       |       ||   116
       Plate armour      |       |       |       |   161 |   273 |    46 |       |       |       ||   480
       Storm dragon scal |       |       |       |       |       |   356 |   397 |   411 |   663 ||  1827
       Skin              |       |       |       |       |       |     5 |       |       |       ||     5
Dodge: Dodged            |    46 |    19 |    54 |   109 |   139 |   239 |   238 |   311 |   618 ||  1773
Block: Buckler           |    27 |     9 |    38 |   120 |       |       |       |       |       ||   194
       Kite shield       |       |       |       |     1 |   545 |   914 |   774 |   800 |  1199 ||  4233
       Reflection        |       |       |       |       |    34 |    33 |   118 |    39 |    43 ||   267

Table legend: (Time is in decaauts)
 A = Elapsed time spent in this place.
 B = Non-inter-level travel time spent in this place.
 C = Inter-level travel time spent in this place.
 D = Time resting spent in this place.
 E = Time spent auto-exploring this place.
 F = Levels seen in this place.
 G = Mean time per level.
                   A        B        C        D        E       F      G
               +--------+--------+--------+--------+--------+-----+--------+
         Total |  64329 |  55492 |   8837 |   5833 |  37923 |  56 | 1148.7 |
       Dungeon |  17851 |  14053 |   3798 |    320 |  11077 |  15 | 1190.1 |
        Temple |    203 |    169 |     34 |      0 |    145 |   1 |  203.0 |
          Lair |   6662 |   5935 |    727 |    361 |   4715 |   5 | 1332.4 |
        Shoals |   5089 |   4855 |    234 |   1282 |   2660 |   4 | 1272.2 |
   Spider Nest |   5557 |   5354 |    203 |    684 |   3445 |   4 | 1389.2 |
  Orcish Mines |   2241 |   1758 |    483 |    336 |   1041 |   2 | 1120.5 |
   Elven Halls |   2889 |   2345 |    544 |     40 |   1596 |   2 | 1444.5 |
        Vaults |  10959 |   9033 |   1926 |   1730 |   5556 |   5 | 2191.8 |
        Depths |   6484 |   5842 |    642 |    658 |   4287 |   4 | 1621.0 |
          Hell |     56 |     56 |      0 |      0 |      0 |   1 |   56.0 |
           Zot |   4985 |   4742 |    243 |    365 |   2957 |   5 |  997.0 |
         Trove |    100 |    100 |      0 |      0 |      0 |   1 |  100.0 |
         Sewer |    148 |    148 |      0 |      0 |    103 |   1 |  148.0 |
      Ice Cave |    424 |    424 |      0 |      0 |    219 |   1 |  424.0 |
      Gauntlet |    596 |    596 |      0 |     46 |    119 |   1 |  596.0 |
         Arena |     78 |     78 |      0 |     11 |      0 |   4 |   19.5 |
               +--------+--------+--------+--------+--------+-----+--------+

Top non-repeatable levels by time:
Vaults:4: 3329 daAuts
Vaults:1: 2324 daAuts
Spider:3: 2182 daAuts
Depths:3: 2147 daAuts
    D:15: 2136 daAuts
Vaults:3: 2122 daAuts
Vaults:2: 2103 daAuts
Shoals:3: 1766 daAuts
Depths:4: 1722 daAuts
  Lair:2: 1687 daAuts
     D:7: 1634 daAuts
    D:13: 1578 daAuts
  Lair:5: 1488 daAuts
   Elf:2: 1482 daAuts
    D:10: 1476 daAuts
